 Dungeon Crawl Stone Soup version 0.17-a0-1545-gc1bb672 (console) character file.

205 Monkaria the Skirmisher (level 5, -7/114 HPs)
             Began as a Minotaur Berserker on July 18, 2015.
             Was a Believer of Trog.
             Mangled by an ogre
             ... wielding a +0 giant club
              (18 damage)
             ... on level 4 of the Dungeon.
             The game lasted 00:04:41 (2721 turns).

Monkaria the Skirmisher (Minotaur Berserker)        Turns: 2721, Time: 00:04:41

Health: -7/114     AC: 22    Str: 26    XL:     5   Next: 52%
Magic:  4/4        EV:  2    Int:  4    God:    Trog [**....]
Gold:   120        SH:  0    Dex: 11    Spells: 0 memorised, 4 levels left

rFire  + . .     SeeInvis .     a - +0 spear
rCold  . . .     Clarity  +     (armour currently unavailable)
rNeg   + + +     SustAt   .     (no shield)
rPois  +         Gourm    .     (helmet currently unavailable)
rElec  .         Spirit   .     (cloak currently unavailable)
rCorr  .         Warding  .     (gloves currently unavailable)
rMut   .         NoTele   +     (boots currently unavailable)
MR     ++...                    m - amulet of clarity
Stlth  ..........               (no ring)
                                t - ring of protection from fire

@: berserking, tree-form, regenerating, very quick, very resistant to hostile
enchantments, extremely unstealthy
A: (retaliatory headbutt), (horns 0)
a: Burn Spellbooks, Berserk, Trog's Hand, Renounce Religion


You were on level 4 of the Dungeon.
You worshipped Trog.
Trog was pleased with you.
You were full.
You were a tree.
You visited 1 branch of the dungeon, and saw 4 of its levels.

You collected 120 gold pieces.

Inventory:

Hand weapons
 a - a +0 spear (weapon)
 p - a +0 blowgun
Missiles
 q - 23 poisoned needles
Armour
 b - a +0 animal skin (melded)
 s - a +1 cloak of invisibility (melded)
 v - a +1 ring mail of poison resistance
Jewellery
 g - an uncursed amulet of the gourmand
 m - an amulet of clarity (around neck)
 t - a ring of protection from fire (left branch)
Magical devices
 r - a wand of paralysis (12)
Scrolls
 e - 2 scrolls of remove curse {unknown}
 h - a scroll of magic mapping {unknown}
 i - 2 scrolls of identify {unknown}
 o - a scroll of fear {unknown}
Potions
 d - a potion of curing {unknown}
 f - a potion of degeneration {unknown}
 k - 2 potions of brilliance {unknown}
 l - a potion of magic {unknown}
 n - a potion of lignification
Comestibles
 c - 3 bread rations
 j - a meat ration
 u - a chunk of flesh


   Skills:
 - Level 6.4 Fighting
 + Level 5.4 Polearms
 - Level 2.4 Armour
 - Level 2.1 Dodging


You had 4 spell levels left.
You didn't know any spells.

Dungeon Overview and Level Annotations

Branches:
Dungeon (4/15)
 Temple: D:4-7

Altars:
Ashenzari


Innate Abilities, Weirdness & Mutations

((You reflexively headbutt those who attack you in melee.))
((You have a pair of horns on your head.))


Message History

Unknown command.
Use which ability? (? or * to list)
Your skin crawls.
You feel resistant to hostile enchantments.
You feel slightly less full.
The centaur zombie hits you but does no damage.
The kobold hits you with an uncursed short sword of draining.
* * * LOW HITPOINT WARNING * * *
Unknown command.
Unknown command.
Use which ability? (? or * to list)
A red film seems to cover your vision as you go berserk!
You feel yourself moving faster!
You feel mighty!
The centaur zombie hits you but does no damage.
The ogre hits you but does no damage. The kobold hits you but does no damage.
You puncture the ogre!
The ogre is heavily wounded.
The centaur zombie hits you but does no damage.
The ogre hits you with a giant club!!
You die...

.... ... #..#
#... #..###...#
##......#.#
..........
#.........
#(........
#.♣O......
..)....ZK......
......#####....
..###. ##. [ #


You could see an ogre, a centaur zombie and a kobold.

Vanquished Creatures
  A slave (D:3)
  Ijyb (D:3)
  A worker ant (D:3)
  Terence (D:2)
  Natasha (thrice) (D:3)
  A gnoll (D:1)
  3 adders (D:3)
  4 giant geckos
  An orc (D:3)
  2 giant cockroaches (D:3)
  5 goblins (D:3)
  3 hobgoblins
  10 jackals
  11 kobolds
  6 bats
  A giant newt (D:1)
  A quokka (D:2)
  4 rats
59 creatures vanquished.

Notes
Turn   | Place    | Note
--------------------------------------------------------------
     0 | D:1      | Monkaria the Minotaur Berserker began the quest for the Orb.
     0 | D:1      | Reached XP level 1. HP: 19/19 MP: 0/0
     0 | D:1      | Noticed a tentacled monstrosity
     1 | D:1      | Noticed an ice dragon
     3 | D:1      | Noticed an iron dragon
     3 | D:1      | Noticed an orb of fire
     5 | D:1      | Noticed an ice dragon
     7 | D:1      | Noticed a shadow dragon
     8 | D:1      | Noticed an ice dragon
    10 | D:1      | Noticed an iron dragon
    10 | D:1      | Noticed a large abomination
    12 | D:1      | Noticed an orb of fire
    14 | D:1      | Noticed a tentacled monstrosity
    14 | D:1      | Noticed a purple draconian
    16 | D:1      | Noticed an orb of fire
    16 | D:1      | Noticed a green draconian
    18 | D:1      | Noticed an iron dragon
    21 | D:1      | Noticed a red draconian
    47 | D:1      | Reached skill level 4 in Fighting
    47 | D:1      | Reached XP level 2. HP: 7/28 MP: 1/1
   642 | D:1      | Reached skill level 5 in Fighting
   734 | D:2      | Reached XP level 3. HP: 26/36 MP: 2/2
   855 | D:2      | Acquired Trog's second power
  1035 | D:2      | Noticed Terence
  1048 | D:2      | Killed Terence
  1125 | D:2      | Found a shattered altar of Ashenzari.
  1336 | D:3      | Reached XP level 4. HP: 34/44 MP: 3/3
  1434 | D:3      | Noticed Ijyb
  1450 | D:3      | Killed Ijyb
  1450 | D:3      | Reached skill level 6 in Fighting
  1549 | D:3      | Noticed Natasha
  1560 | D:3      | Killed Natasha
  1662 | D:3      | Reached XP level 5. HP: 46/51 MP: 4/4
  1954 | D:3      | Noticed Natasha
  1962 | D:3      | Killed Natasha
  2258 | D:3      | Reached skill level 5 in Polearms
  2282 | D:3      | Noticed Natasha
  2287 | D:3      | Killed Natasha
  2324 | D:4      | Noticed a slave
  2553 | D:3      | Killed a slave
  2705 | D:4      | Noticed an ogre
  2721 | D:4      | Mangled by an ogre

Vault maps used:
D:1:      shiori_arrival_whats_in_store_for_you
D:2:      ashenzari_altar_1, uniq_terence
D:3:      serial_co_window_serial, co_window_paths_b,
          co_window_of_opportunity_a, co_window_corner_a, co_window_corner_a,
          co_window_paths_b, co_window_corner_ca, co_window_broadway_b,
          co_window_broadway_b, co_window_paths_c, first_bread, uniq_natasha,
          uniq_iyjb
D:4:      lemuel_doored_altar, uniq_pikel

Action                   |  1- 3 |  4- 6 || total
-------------------------+-------+-------++-------
Melee: Spear             |    72 |   108 ||   180
Invok: Berserk           |       |     1 ||     1
       Trog's Hand       |       |     1 ||     1
  Use: Potion            |       |     1 ||     1
 Stab: Sleeping          |       |     1 ||     1
  Eat: Chunk             |     6 |     7 ||    13
